Match 42521736
Unlisted

Match 42521736
End
Pioneer Squad
Construct Infanterie Kompanie
Grenadier Squad
Grenadier Squad
Grenadier Squad
MG 42 Machine Gun Team
Selects Luftwaffe Battlegroup
Selects Luftwaffe Pioneer Support
Selects Stuka Strafing Run
Infanterie Officer Quarters
Selects Fallschirmjäger Squad Paradrop
Fallschirmjäger Squad Paradrop
Construct Luftwaffe Kompanie
Selects LG40 Recoilless Gun Paradrop
Jäger Squad
Stuka Strafing Run
Stuka Strafing Run
Support Elements
Wirbelwind Flakpanzer
Luftwaffe Officer Quarters
Stuka Strafing Run
Fallschirmjäger Squad Paradrop
Selects Infantry Reserves
Stuka Strafing Run
Medical Bunker
Marder III M Tank Destroyer
Construct Panzer Kompanie
Selects Stuka Loiter
Stuka Loiter
Stoßtruppen Squad
Pioneer Squad
Stuka Strafing Run
Stuka Loiter
Panzer IV Medium Tank
Stuka Strafing Run
Stuka Strafing Run
MadMax
periklee
0
0

Comments sign in to comment!

No comments posted yet!